 Dungeon Crawl Stone Soup version 0.30-a0-137-gd8773701ce (webtiles) character file.

Game seed: 10726958551230502513

4 LnG the Caller (level 1, 0/10 HPs)
             Began as a Kobold Summoner on Sept 23, 2022.
             Slain by a kobold
             ... wielding a +0 short sword
              (1 damage)
             ... on level 1 of the Dungeon.
             The game lasted 00:00:33 (158 turns).

LnG the Caller (Kobold Summoner)                     Turns: 158, Time: 00:00:34

Health: 0/10       AC:  2    Str:  5    XL:     1   Next: 66%
Magic:  2/3        EV: 15    Int: 16    God:
Gold:   13         SH:  0    Dex: 15    Spells: 3/4 levels left

rFire   . . .      SeeInvis .    (weapon restricted)
rCold   . . .      Faith    .    (no shield)
rNeg    . . .      Spirit   .    a - +0 robe
rPois   .          Reflect  .    (no helmet)
rElec   .          Harm     .    (no cloak)
rCorr   .          Rampage  .    (no gloves)
Will    .....                    (no boots)
Stlth   +++.......               (no amulet)
HPRegen 0.03/turn                (no ring)
MPRegen 0.08/turn                (no ring)

@: no status effects
A: small, no large weapons, nightstalker 3
a: no special abilities


You were on level 1 of the Dungeon.
You visited 1 branch of the dungeon, and saw 1 of its levels.

You collected 13 gold pieces.

Inventory:

Armour
 a - a +0 robe (worn)
Scrolls
 d - a scroll of identify {unknown}
Potions
 b - a potion of magic
 c - a potion of lignification {unknown}


   Skills:
 + Level 2.4 Dodging
 + Level 2.6 Stealth
 + Level 2.1 Spellcasting
 + Level 4.2 Summonings


You had 3 spell levels left.
You knew the following spells:

 Your Spells              Type           Power      Damage    Failure   Level
a - Summon Small Mammal   Summ           60%        N/A       3%          1

Your spell library contained the following spells:

 Spells                   Type           Power      Damage    Failure   Level
 Call Imp                 Summ           15%        N/A       5%          2
 Call Canine Familiar     Summ           15%        N/A       11%         3
 Summon Guardian Golem    Hex/Summ       8%         N/A       26%         3
 Summon Lightning Spire   Summ/Air       8%         N/A       65%         4


Dungeon Overview and Level Annotations

Branches:
Dungeon (1/15)

Altars:


Innate Abilities, Weirdness & Mutations

You are small and have problems with some larger weapons.
You are completely attuned to the shadows.


Message History

Confirm with . or Enter, or press ? or * to list all spells.
Your bat hits the dart slug. The dart slug barely misses your bat.
Your bat hits the dart slug. The dart slug launches a dart at you.
The slug dart hits your quokka.
Your bat hits the dart slug but does no damage.
Your quokka bites the dart slug.
Your bat hits the dart slug. Your bat hits the dart slug.
Your quokka bites the dart slug.
The dart slug dies!
You swap places.
A kobold comes into view. It is wielding a +0 short sword.
Your bat hits the kobold but does no damage.
Found a stone staircase leading down.
Your bat closely misses the kobold.
You miss the kobold.
Your quokka disappears in a puff of smoke!
Your bat hits the kobold but does no damage.
The kobold hits you with a +0 short sword.
You barely miss the kobold.
Your bat barely misses the kobold.
Your bat hits the kobold but does no damage.
The kobold hits you with a +0 short sword.
You barely miss the kobold. The kobold misses you.
Casting: Summon Small Mammal (safe; 3% risk of failure)
Confirm with . or Enter, or press ? or * to list all spells.
Your bat hits the kobold but does no damage.
The kobold misses you. The kobold attacks as you move away!
The kobold closely misses you.
Your bat hits the kobold but does no damage.
You closely miss the kobold.
Your bat closely misses the kobold.
The kobold hits you with a +0 short sword.
* * * LOW HITPOINT WARNING * * *
Your rat barely misses the kobold.
You hit the kobold but do no damage.
Your bat completely misses the kobold.
Your bat misses the kobold. The kobold completely misses you.
Your rat completely misses the kobold.
You closely miss the kobold. You punch the kobold, but do no damage.
Your bat barely misses the kobold.
The kobold barely misses you.
Your rat barely misses the kobold.
You barely miss the kobold.
Your bat closely misses the kobold.
The kobold hits you with a +0 short sword.
You die...

...>#.
......
.....##
......#
....Kb#
...r@.#
....#.#
###.#.#
..#.#
#..#.#
#.# #
#.# #
#.# ###
#.#


You could see a kobold (ally target), a friendly bat (summoned) and a friendly
rat (summoned).

Vanquished Creatures
  A ball python (D:1)
1 creature vanquished.

Vanquished Creatures (collateral kills)
  A dart slug (D:1)
  A bat (D:1)
2 creatures vanquished.

Grand Total: 3 creatures vanquished

Notes
Turn   | Place    | Note
-------+----------+-------------------------------------------
     0 | D:1      | LnG the Kobold Summoner began the quest for the Orb.
     0 | D:1      | Reached XP level 1. HP: 10/10 MP: 3/3
   158 | D:1      | Slain by a kobold

Illustrated notes

Levels and vault maps discovered:
D:1:      erik_arrival_triangle_huge, layout_basic, serial_shops, shop,
          chequers_ecumenical_altar_island

Action                   || total
-------------------------++-------
Melee: Unarmed           ||    10
       Punch             ||     1
 Cast: Summon Small Mamm ||     5
Armor: Robe              ||     1
Dodge: Dodged            ||    10

Table legend: (Time is in decaauts)
 A = Elapsed time spent in this place.
 B = Non-inter-level travel time spent in this place.
 C = Inter-level travel time spent in this place.
 D = Time resting spent in this place.
 E = Time spent auto-exploring this place.
 F = Levels seen in this place.
 G = Mean time per level.
                   A        B        C        D        E       F      G
               +--------+--------+--------+--------+--------+-----+--------+
         Total |    158 |    158 |      0 |      4 |    103 |   1 |  158.0 |
       Dungeon |    158 |    158 |      0 |      4 |    103 |   1 |  158.0 |
               +--------+--------+--------+--------+--------+-----+--------+

Top non-repeatable levels by time:
     D:1: 158 daAuts
